 Dungeon Crawl Stone Soup version 0.20.1-1-g8b1a95d (webtiles) character file.

114 Giltor the Sneak (level 5, -5/28 HPs)
             Began as a Kobold Enchanter on July 11, 2017.
             Was a Follower of Elyvilon.
             Slain by Salmoras's ghost (6 damage)
             ... on level 3 of the Dungeon.
             The game lasted 00:37:09 (2771 turns).

Giltor the Sneak (Kobold Enchanter)                 Turns: 2771, Time: 00:37:09

Health: -5/28      AC:  2    Str:  6    XL:     5   Next: 18%
Magic:  1/8        EV: 16    Int: 19    God:    Elyvilon [*.....]
Gold:   43         SH:  0    Dex: 15    Spells: 3/9 levels left

rFire    . . .     SeeInvis .   a - +1 dagger
rCold    . . .     Gourm    .   (shield restricted)
rNeg     . . .     Faith    .   b - +0 robe
rPois    .         Spirit   .   (no helmet)
rElec    .         Reflect  .   (no cloak)
rCorr    .         Harm     .   (no gloves)
MR       .....                  (no boots)
Stlth    +++.......             (no amulet)
Regen    0.1/turn               f - +2 ring of intelligence
MPRegen  0.2/turn               (no ring)

@: no status effects
A: carnivore 3
a: Lesser Healing, Divine Protection, Renounce Religion


You were on level 3 of the Dungeon.
You worshipped Elyvilon.
Elyvilon was aware of your devotion.
You were full.

You visited 1 branch of the dungeon, and saw 3 of its levels.

You collected 43 gold pieces.

Inventory:

Hand Weapons
 a - a +1 dagger (weapon)
 k - a +1 spear of freezing
Armour
 b - a +0 robe (worn)
Jewellery
 f - a +2 ring of intelligence (left hand)
Scrolls
 e - a scroll of amnesia {unknown}
 g - 5 scrolls of identify
 h - 2 scrolls of remove curse
 l - a scroll of teleportation {unknown}
 o - a scroll of fear {unknown}
Potions
 i - 2 potions of curing {unknown}
 j - a potion of haste {unknown}
 m - a potion of magic {unknown}
 n - 2 potions of heal wounds {unknown}
Books
 c - a book of Maledictions

   Spells                             Type                      Level
   a - Corona                         Hexes                        1
   b - Ensorcelled Hibernation        Hexes/Ice                    2
   c - Confuse                        Hexes                        3
   d - Tukima's Dance                 Hexes                        3
   e - Dazzling Spray                 Conjuration/Hexes            3
Comestibles
 d - a meat ration


   Skills:
 - Level 3.1 Short Blades
 - Level 3.0 Dodging
 + Level 5.1 Stealth
 + Level 2.6 Spellcasting
 + Level 3.3 Hexes
 + Level 1.5 Ice Magic


You had 3 spell levels left.
You knew the following spells:

 Your Spells              Type           Power        Failure   Level  Hunger
a - Corona                Hex            ###....      4%          1    None
b - Ensorcelled Hibernat  Hex/Ice        ##....       9%          2    ##.....
c - Tukima's Dance        Hex            ###.....     12%         3    ###....


Dungeon Overview and Level Annotations

Branches:
Dungeon (3/15)

Altars:
Elyvilon
Yredelemnul

Annotations:
D:3 Salmoras's ghost, amateur VSWn


Innate Abilities, Weirdness & Mutations

You are small and have problems with some larger weapons.
You are carnivorous and can eat meat at any time.


Message History

Salmoras's ghost hits you!
You hit Salmoras's ghost but do no damage.
Salmoras's ghost is lightly damaged.
Salmoras's ghost closely misses you.
You barely miss Salmoras's ghost.
Salmoras's ghost is lightly damaged.
Salmoras's ghost hits you.
You barely miss Salmoras's ghost.
Salmoras's ghost is lightly damaged.
Salmoras's ghost misses you.
You hit Salmoras's ghost but do no damage.
Salmoras's ghost is lightly damaged.
You hit Salmoras's ghost.
Salmoras's ghost is lightly damaged.
Salmoras's ghost hits you!
* * * LOW HITPOINT WARNING * * *
You hit Salmoras's ghost but do no damage.
Salmoras's ghost is lightly damaged.
Salmoras's ghost hits you.
You die...

###.........##..##
..........### .##
##..##.##..# #
##..#..###.# ......##
. ..#.### . ..#.# ...
.##.#
############..... #
#.####.)>.....@Wb.....
#......#########s.....
######## .w... ....
... .. .


You could see a worm, Salmoras's ghost, a giant cockroach and a bat.

Vanquished Creatures
  Terence (D:3)
  2 adders (D:2)
  An ooze (D:2)
  3 worms
  2 dart slugs
  2 leopard geckos
  3 giant cockroaches (D:1)
  5 goblins
  8 hobgoblins
  A ball python (D:1)
  6 bats
  5 frilled lizards (D:2)
  9 kobolds
  4 rats
  A spectral orc (D:2)
53 creatures vanquished.

Notes
Turn   | Place    | Note
-------+----------+-------------------------------------------
     0 | D:1      | Giltor the Kobold Enchanter began the quest for the Orb.
     0 | D:1      | Reached XP level 1. HP: 10/10 MP: 3/3
   214 | D:1      | Reached XP level 2. HP: 11/15 MP: 3/5
   252 | D:1      | Learned a level 2 spell: Ensorcelled Hibernation
   639 | D:1      | Reached XP level 3. HP: 19/19 MP: 3/6
   752 | D:1      | Reached skill level 5 in Stealth
  1318 | D:2      | Found a faded altar of an unknown god.
  1323 | D:2      | Became a worshipper of Elyvilon the Healer
  1323 | D:2      | Reached * piety under Elyvilon
  1372 | D:2      | Found a basalt altar of Yredelemnul.
  1791 | D:2      | Reached skill level 1 in Ice Magic
  1791 | D:2      | Reached XP level 4. HP: 18/24 MP: 5/7
  2362 | D:3      | Noticed Terence
  2386 | D:3      | Killed Terence
  2386 | D:3      | Reached XP level 5. HP: 8/28 MP: 0/8
  2756 | D:3      | Noticed Salmoras's ghost (amateur VSWn)
  2761 | D:3      | Learned a level 3 spell: Tukima's Dance
  2770 | D:3      | HP: 1/28 [Salmoras's ghost (9)]
  2771 | D:3      | Slain by Salmoras's ghost

Skill      XL: |  1  2  3  4 |
---------------+-------------+-----
Short Blades   | 2 3 |  3.1
Stealth        | 5 |  5.1
Ice Magic      | 1 |  1.5
Dodging        | 3 |  3.0
Spellcasting   | |  2.6
Hexes          | |  3.3

Action                   |  1- 3 |  4- 6 || total
-------------------------+-------+-------++-------
Melee: Dagger            |   109 |    59 ||   168
 Cast: Corona            |     4 |       ||     4
       Ensorcelled Hiber |    16 |    31 ||    47
       Tukima's Dance    |       |     2 ||     2
  Use: Scroll            |     1 |     1 ||     2
 Stab: Sleeping          |    14 |    18 ||    32
  Eat: Chunk             |    12 |     3 ||    15
Armor: Robe              |    22 |     3 ||    25
Dodge: Dodged            |    64 |    24 ||    88
